 Dungeon Crawl Stone Soup version 0.24.0-2-g5b39cebb1c (webtiles) character file.

Game seed: 13365235112297434982, levelgen mode: deterministic

1167 Nivan the Conjurer (level 8, -2/60 HPs)
             Began as a Green Draconian Conjurer on Oct 30, 2019.
             Was an Initiate of Vehumet.
             Slain by a yak (5 damage)
             ... on level 5 of the Dungeon.
             The game lasted 00:16:58 (5633 turns).

Nivan the Conjurer (Green Draconian Conjurer)       Turns: 5633, Time: 00:16:58

Health: -2/60      AC:  7    Str: 10    XL:     8   Next: 17%
Magic:  2/15       EV: 14    Int: 17    God:    Vehumet [......]
Gold:   159        SH:  0    Dex: 13    Spells: 13/16 levels left

rFire    . . .     SeeInvis +   d - +0 mace
rCold    . . .     Gourm    .   (no shield)
rNeg     . . .     Faith    .   (armour unavailable)
rPois    +         Spirit   .   (helmet restricted)
rElec    .         Reflect  .   (no cloak)
rCorr    .         Harm     .   (no gloves)
MR       .....                  r - +0 pair of boots
Stlth    ++........             (no amulet)
HPRegen  0.20/turn              g - ring of flight
MPRegen  0.14/turn              t - ring of see invisible

@: no status effects
A: breathe noxious fumes, unfitting armour, poison resistance, cold-blooded, AC
+6
a: Breathe Noxious Fumes, Renounce Religion, Evoke Flight


You were on level 5 of the Dungeon.
You worshipped Vehumet.
Vehumet was noncommittal.
You were not hungry.

You visited 2 branches of the dungeon, and saw 7 of its levels.

You collected 159 gold pieces.

Inventory:

Hand Weapons
 d - a +0 mace (weapon)
 s - a +0 morningstar
Armour
 r - a +0 pair of boots (worn)
Jewellery
 g - a ring of flight (left hand)
 t - a ring of see invisible (right hand)
Wands
 q - a wand of paralysis (13)
 u - a wand of enslavement (7)
Scrolls
 a - a scroll of fear {unknown}
 e - 8 scrolls of identify {unknown}
 h - a scroll of immolation
 i - 2 scrolls of random uselessness {unknown}
 l - 2 scrolls of enchant weapon {unknown}
 m - 3 scrolls of magic mapping {unknown}
 n - a scroll of noise {unknown}
 o - 4 scrolls of remove curse {unknown}
 p - a scroll of blinking {unknown}
 w - a scroll of fog {unknown}
 x - a scroll of amnesia {unknown}
Potions
 c - a potion of haste {unknown}
 f - 2 potions of brilliance {unknown}
 j - 3 potions of lignification {unknown}
 k - a potion of curing {unknown}
Comestibles
 b - 11 rations
 v - 3 chunks of flesh


   Skills:
 + Level 1.7 Fighting
 + Level 3.0 Maces & Flails
 + Level 4.2 Dodging
 + Level 3.2 Stealth
 + Level 4.8 Spellcasting
 + Level 6.8 Conjurations


You had 13 spell levels left.
You knew the following spells:

 Your Spells              Type           Power        Failure   Level  Hunger
a - Magic Dart            Conj           ####         1%          1    None
b - Searing Ray           Conj           ####..       1%          2    #......

Your spell library contained the following spells:

 Spells                   Type           Power        Failure   Level  Hunger
 Iskenderun's Mystic Bla  Conj           ####....     9%          4    ####...
 Dazzling Spray           Conj/Hex       ###...       11%         3    ###....
 Force Lance              Conj/Tloc      ###.....     34%         4    ####...
 Fulminant Prism          Conj/Hex       ###.......   34%         4    ####...


Dungeon Overview and Level Annotations

Branches:
Dungeon (6/15)             Temple (1/1) D:6

Altars:
Ashenzari
Dithmenos
Elyvilon
Fedhas
Gozag
Hepliaklqana
Kikubaaqudgha
Makhleb
Okawaru
Ru
Uskayaw
Vehumet
Wu Jian
Xom
Zin
The Shining One

Annotations:
D:5 2 transporters


Innate Abilities, Weirdness & Mutations

You can breathe blasts of noxious fumes.
Your lurid green scales are hard. (AC +6)
You cannot fit into any form of body armour.
Your system is resistant to poisons. (rPois)
You are cold-blooded and may be slowed by cold attacks.


Message History

The yak is severely wounded.
You finish channeling your searing ray.
The yak gores you.
* * * LOW HITPOINT WARNING * * *
Okay, then.
As you read the scroll labeled CEFEYCK KUTU, it crumbles to dust.
The creatures around you are filled with an inner flame!
It was a scroll of immolation.
The yak misses you.
You hit the yak but do no damage.
Your tail-slap misses the yak.
The yak is severely wounded.
The yak gores you.
* * * LOW HITPOINT WARNING * * *
Casting: Searing Ray (safe; 1% risk of failure)
Confirm with . or Enter, or press ? or * to list all spells.
Aiming: Magic Dart (safe; 1% risk of failure)
Press: ? - help, Shift-Dir - straight line, f/p - yak
Aim: a yak (severely wounded, inner flame)
The magic dart hits the yak.
The yak is almost dead.
The yak gores you.
You die...

....#..................#.#.#.#.#
....#............#######.#.#.#.#
....#....................#...#.#
....#....).......#############.#
.............................#.##
'#######.......#.###########.#...
.# #.......#.#........<#.####
.##### #.......#Y#.###.#...#.#...
.'...# #.'######@#.........#.#.##
.###.# #..############.........).
.# #.# #........).(........#.#.#.
.###'###..################.#.#.#.
.......+..# #.#.#.#. .###'###..#
#.#.#.## .# #.# #..# #.#.#.#
.###.# #..# #.#.#.# .'...#
#.#################.#.#.##


You could see a yak (inner flame).

Vanquished Creatures
  A yak (D:6)
  2 sky beasts
  An ogre (D:4)
  2 centaurs (D:5)
  2 howler monkeys (D:4)
  A centaur zombie (D:5)
  An orc priest (D:5)
  A hound (D:3)
  4 orc wizards
  A bullfrog skeleton (D:5)
  2 worker ants
  A hound skeleton (D:5)
  7 adders
  7 gnolls
  A shadow imp (D:5)
  An ooze (D:1)
  A worm (D:3)
  5 leopard geckos
  10 orcs
  13 bats
  2 giant cockroaches
  3 hobgoblins
  11 jackals
  5 kobolds
  2 quokkas
  A ball python (D:1)
  5 frilled lizards
  10 goblins
  A leopard gecko skeleton (D:4)
  7 rats
111 creatures vanquished.

Notes
Turn   | Place    | Note
-------+----------+-------------------------------------------
     0 | D:1      | Nivan the Draconian Conjurer began the quest for the Orb.
     0 | D:1      | Reached XP level 1. HP: 14/14 MP: 3/3
    99 | D:1      | Reached XP level 2. HP: 17/20 MP: 0/5
   440 | D:1      | Reached XP level 3. HP: 9/26 MP: 2/6
  1435 | D:2      | Found a glowing golden altar of the Shining One.
  1435 | D:2      | Found a white marble altar of Elyvilon.
  1436 | D:2      | Found a glowing silver altar of Zin.
  1687 | D:2      | Reached XP level 4. HP: 33/33 MP: 3/7
  1872 | D:3      | Reached skill level 1 in Maces & Flails
  1984 | D:3      | Reached skill level 5 in Conjurations
  2451 | D:4      | Noticed an ogre
  2713 | D:4      | Learned a level 2 spell: Searing Ray
  2756 | D:4      | Reached XP level 5. HP: 38/38 MP: 4/8
  3188 | D:4      | Reached XP level 6. HP: 20/46 MP: 5/10
  3996 | D:5      | Entered Level 5 of the Dungeon
  4029 | D:5      | Reached skill level 1 in Fighting
  4147 | D:5      | Found a transporter.
  4163 | D:5      | Found a transporter.
  4190 | D:5      | Your scales start taking on a lurid green colour.
  4190 | D:5      | Reached XP level 7. HP: 27/52 MP: 2/12
  4190 | D:5      | Gained mutation: Your system is resistant to poisons.
                  | (rPois) [Green Draconian growth]
  4335 | D:5      | Reached skill level 6 in Conjurations
  5434 | D:6      | Found a staircase to the Ecumenical Temple.
  5444 | Temple   | Entered the Ecumenical Temple
  5488 | Temple   | Became a worshipper of Vehumet
  5543 | D:6      | Reached XP level 8. HP: 60/60 MP: 8/14
  5632 | D:5      | HP: 2/60 [yak (6)]
  5633 | D:5      | Slain by a yak

Levels and vault maps discovered:
D:1:      dpeg_arrival_renting, layout_basic
D:2:      layout_basic, good_gods_temple_1
D:3:      layout_loops_ring, minmay_misc_feat_square,
          wad_floor_pattern_untrapped
D:4:      layout_basic, first_ration, st_stairs_3
D:5:      gammafunk_wand_slinger, layout_basic, minmay_door_square
D:6:      minmay_chambers_of_fours, layout_basic, minitemple,
          lemuel_crystal_altar, minmay_temple_entry_sparse_star, uniq_eustachio
Temple:   nicolae_temple_god_jail

Skill      XL: |  1  2  3  4  5  6  7  8 |
---------------+-------------------------+-----
Dodging        | 2 3 4 |  4.2
Maces & Flails | 1 2 3 |  3.0
Stealth        | 2 3 |  3.2
Conjurations   | 5 6 |  6.8
Spellcasting   | 3 4 |  4.8
Fighting       | 1 |  1.7

Action                   |  1- 3 |  4- 6 |  7- 9 || total
-------------------------+-------+-------+-------++-------
Melee: Unarmed           |     5 |       |       ||     5
       Mace              |    25 |     6 |    16 ||    47
       Tailslap          |     2 |     3 |       ||     5
       Morningstar       |       |    24 |       ||    24
 Cast: Magic Dart        |    69 |   106 |    45 ||   220
       Searing Ray       |       |    11 |    13 ||    24
  Use: Scroll            |       |       |     1 ||     1
  Eat: Chunk             |     3 |     9 |     5 ||    17
Armor: Skin              |    26 |    23 |     9 ||    58
Dodge: Dodged            |    22 |    65 |    37 ||   124
